AoeStats
← mfouad134

Baltic

510326670Analyzed
4v4 RM · 16h ago on Sep 30, 2026· 26m 59s· 8 players
Game mode
Random Map
Map size
Large (8 player)
Population
200
Speed
Normal
Resources
Standard
Victory
Conquest
Starting age
Dark Age
Ending age
Imperial Age
RankedLock teamsTeams togetherTeam positionsShared explorationLock speedFull tech treeHidden civsTurbo modeCheats
Victory
Defeat
🇺🇸 Huns · United States
799
+16
🇬🇧 Spanish · United Kingdom
797
+17
🇨🇳 Malay · China
767
+18
🇪🇬 Britons · Egypt
668
+21
🇨🇳 Wu · China
861
-20
🇨🇳 Khmer · China
800
-18
🇨🇳 Chinese · China
786
-17
🇨🇳 Persians · China
774
-17
themoist_hoist2
0:34 Loom
14:06 Feudal Age
22:17 Castle Age
20:06 Double-Bit Axe
20:16 Stone Mining
20:11 Fishing Lines
20:22 Horse Collar
20:59 Gold Mining
23:35 Wheelbarrow
Thermic_Marlin
6:05 Loom
9:34 Feudal Age
16:22 Castle Age
mfouad134
12:44 Feudal Age
13:08 Horse Collar
13:16 Double-Bit Axe
14:11 Wheelbarrow
14:37 Gold Mining
16:02 Fishing Lines
20:05 Castle Age
19:20 Padded Archer Armor
21:00 Bow Saw
20:54 Heavy Plow
21:14 Hand Cart
22:35 Gillnets
24:32 Leather Archer Armor
24:07 Fletching
29:10 Imperial Age
27:29 Bodkin Arrow
帝国的铁手
11:42 Feudal Age
10:32 Loom
12:45 Double-Bit Axe
22:25 Castle Age
24:39 Demolition Ship
25:45 Medium Warships
26:40 Wheelbarrow
26:57 Horse Collar
27:29 Bow Saw
可可
13:38 Feudal Age
14:34 Gold Mining
14:13 Man-at-Arms
14:39 Arson
17:18 Double-Bit Axe
23:20 Castle Age
23:40 Bloodlines
23:45 Stone Mining
劲爆菇一身是胆
13:55 Feudal Age
14:47 Horse Collar
16:09 Wheelbarrow
15:32 Double-Bit Axe
16:10 Gold Mining
16:53 Stone Mining
21:21 Castle Age
20:26 Forging
23:04 Iron Casting
23:29 Scale Barding Armor
23:47 Hand Cart
神医喜来乐
0:26 Loom
11:57 Feudal Age
15:21 Wheelbarrow
15:07 Double-Bit Axe
19:24 Castle Age
17:59 Stone Mining
17:59 Gold Mining
18:15 Horse Collar
帝道
12:50 Feudal Age
14:31 Double-Bit Axe
17:27 Castle Age
17:27 Horse Collar
17:43 Gold Mining
18:18 Bow Saw
20:45 Caravan
Connection lost

Rejoining the realm…

Still unreachable

The connection could not be restored.

Session expired

The server has moved on; the page needs a fresh start.